 Dungeon Crawl Stone Soup version 0.31.0-11-ge490571c62 (webtiles) character file.

Game seed: 10512257257568888159

296 zenocrate the Sneak (level 6, -3/30 HPs)
             Began as a Vine Stalker Enchanter on Feb 1, 2024.
             Slain by a kobold brigand
             ... wielding a +0 short sword
              (5 damage)
             ... in a sewer.
             The game lasted 00:03:48 (2368 turns).

zenocrate the Sneak (Vine Stalker Enchanter)        Turns: 2368, Time: 00:03:49

Health: -3/30      AC:  2    Str: 10    XL:     6   Next: 35%
Magic:  0/10       EV: 13    Int: 15    God:
Gold:   34         SH:  0    Dex: 17    Spells: 4/9 levels left

rFire   + . .        a - +1 dagger
rCold   + . .        (no shield)
rNeg    . . .        b - +0 robe
rPois   .            (no helmet)
rElec   .            (no cloak)
rCorr   .            (no gloves)
SInv    .            (no boots)
Will    .....        (no amulet)
Stlth   +++          l - ring of protection from fire
HPRegen 1.05/turn    p - ring of protection from cold
MPRegen 0.12/turn

%: guardian spirit
@: invisible
A: fangs 2, regeneration 1, magic shield, antimagic bite, no potion heal 2
a: no special abilities


You were in a sewer.
You visited 1 branch of the dungeon, and saw 3 of its levels.
You also visited: Sewer.

You collected 34 gold pieces.

Inventory:

Hand Weapons
 a - a +1 dagger (weapon)
Missiles
 m - 5 atropa-tipped darts
 o - 10 poisoned darts (quivered)
Armour
 b - a +0 robe (worn)
Jewellery
 l - a ring of protection from fire (left hand)
 p - a ring of protection from cold (right hand)
Scrolls
 e - 2 scrolls of poison
 f - a scroll of vulnerability {unknown}
 k - a scroll of fog {unknown}
 n - a scroll of blinking {unknown}
Potions
 c - a potion of invisibility
 d - 2 potions of enlightenment {unknown}
 g - 2 potions of curing {unknown}
 h - a potion of berserk rage {unknown}
 i - a potion of lignification {unknown}
 j - 3 potions of mutation {unknown}


   Skills:
 + Level 1.6 Fighting
 + Level 2.3 Short Blades
 + Level 2.6 Dodging
 + Level 5.0 Stealth
 - Level 2.1 Spellcasting
 + Level 4.0 Hexes
 + Level 2.0 Ice Magic


You had 4 spell levels left.
You knew the following spells:

 Your Spells              Type           Power      Damage    Failure   Level
a - Ensorcelled Hibernat  Hex/Ice        20%        N/A       10%         2
b - Confusing Touch       Hex            13%        N/A       13%         3

Your spell library contained the following spells:

 Spells                   Type           Power      Damage    Failure   Level
 Tukima's Dance           Hex            13%        N/A       13%         3
 Dazzling Flash           Conj/Hex       14%        N/A       28%         3


Dungeon Overview and Level Annotations

Branches:
Dungeon (3/15)              Sewer (1/1)

Altars:


Innate Abilities, Weirdness & Mutations

You have extremely sharp teeth.
Your natural rate of healing is unusually fast.
When hurt, damage is shared between your health and your magic reserves.
Your bite disrupts and absorbs the magic of your enemies.
Potions cannot restore your health.


Message History

The stone hits the kobold brigand but does no damage.
Unknown command.
You hit the kobold brigand but do no damage.
Your bite misses the kobold brigand. The kobold brigand closely misses you.
The kobold throws a stone.
The stone hits the kobold brigand but does no damage.
The kobold closely misses you.
Unknown command.
You catch the helpless kobold brigand completely off-guard!
You impale the kobold brigand!!
The kobold brigand is severely wounded.
The kobold brigand closely misses you. The kobold brigand misses you.
The kobold throws a stone.
The stone closely misses the kobold brigand.
The stone barely misses you.
The stone hits the kobold brigand but does no damage.
The kobold brigand closely misses you.
You hit the kobold brigand. Your bite misses the kobold brigand.
The kobold brigand is severely wounded.
The kobold brigand misses you. x2
Unknown command.
Unknown command.
You hit the kobold brigand. You bite the kobold brigand. You drain its power.
You feel invigorated.
The kobold brigand is almost dead.
The kobold brigand hits you with a +0 short sword!
The kobold brigand hits you with a +0 dagger!
* * * LOW HITPOINT WARNING * * *
The kobold throws a stone.
The stone closely misses the kobold brigand.
The stone barely misses you.
The stone misses the kobold.
The kobold brigand hits you with a +0 dagger.
* * * LOW HITPOINT WARNING * * *
The kobold closely misses you.
Unknown command.
Okay, then.
You closely miss the kobold.
You feel yourself speed up.
The kobold brigand hits you with a +0 short sword.
You die...

#### #####
#######..####...#
#†........##.....
##................
######......P..........
#?..!#..K..............
#..K!'......P..........
#.∩..KKK...~~~~..~~P..~
#.?..#@K..P~P~~~~~P...~
#################~~~#######
#≈~~~~~~~~~~~~~~~~~~~ ~~
#≈≈~≈≈≈≈≈~≈≈≈≈≈~≈≈≈≈ ≈≈
#≈~~~~~~~~~~~~~~~~~~ ~~
###'########~~############~
#...# #.P~~~~........P~~
#.∩.# +..~P~~.........~~
#.∩.# +................P


You could see 4 kobold brigands and 2 kobolds.

Vanquished Creatures
  A kobold brigand (Sewer)
  Natasha (twice) (D:2)
  Terence (D:2)
  2 river rats (D:3)
  4 adders
  3 gnolls (D:2)
  A dart slug (D:1)
  9 bats
  10 endoplasms
  5 giant cockroaches
  2 goblins
  4 hobgoblins (D:1)
  5 jackals (D:2)
  8 kobolds
  2 quokkas (D:1)
  4 ball pythons
  9 frilled lizards
  4 rats
76 creatures vanquished.

Vanquished Creatures (others)
  A kobold (Sewer)
1 creature vanquished.

Grand Total: 77 creatures vanquished

Notes
Turn   | Place    | Note
-------+----------+-------------------------------------------
     0 | D:1      | zenocrate the Vine Stalker Enchanter began the quest for
                  | the Orb.
     0 | D:1      | Reached XP level 1. HP: 9/9 MP: 4/4
    48 | D:1      | Reached skill level 1 in Short Blades
    99 | D:1      | Reached XP level 2. HP: 12/13 MP: 4/6
   118 | D:1      | Learned a level 2 spell: Ensorcelled Hibernation
   215 | D:1      | Reached skill level 4 in Stealth
   379 | D:1      | Reached XP level 3. HP: 14/16 MP: 5/7
   409 | D:1      | Learned a level 3 spell: Confusing Touch
   798 | D:2      | Found a faded altar of an unknown god.
  1007 | D:2      | Reached XP level 4. HP: 21/21 MP: 8/8
  1010 | D:2      | Reached skill level 1 in Ice Magic
  1100 | D:2      | Noticed Terence
  1109 | D:2      | Killed Terence
  1110 | D:2      | Reached skill level 1 in Fighting
  1110 | D:2      | Reached XP level 5. HP: 18/25 MP: 2/9
  1390 | D:2      | Noticed Natasha
  1397 | D:2      | Killed Natasha
  1531 | D:2      | Noticed Natasha
  1538 | D:2      | Killed Natasha
  1830 | D:3      | Found a glowing drain.
  1875 | Sewer    | Entered a sewer
  2104 | Sewer    | Reached XP level 6. HP: 25/30 MP: 0/10
  2235 | Sewer    | Reached skill level 5 in Stealth
  2367 | Sewer    | HP: 1/30 [kobold brigand/+0 dagger (4)]
  2368 | Sewer    | Slain by a kobold brigand

Illustrated notes

Levels and vault maps discovered:
D:1:      minmay_arrival_semitransparent, layout_rooms
D:2:      layout_loops_ring, dreamdust_ecumenical_altar_statues,
          solitary_fountain, dreamdust_princess_bridge, uniq_terence,
          uniq_natasha
D:3:      layout_basic, portal_sewer_entry_b
Sewer:    kennysheep_pipe_town

Skill      XL: |  1  2  3  4  5  6 |
---------------+-------------------+-----
Short Blades   | 1 2 |  2.3
Stealth        | 4 5 |  5.0
Dodging        | 2 |  2.6
Ice Magic      | 1 2 |  2.0
Fighting       | 1 |  1.6
Hexes          | 4 |  4.0
Spellcasting   | |  2.1

Action                     |  1- 3 |  4- 6 || total
---------------------------+-------+-------++-------
  Melee: Dagger            |   117 |    89 ||   206
         Bite              |    28 |    16 ||    44
         Punch             |     3 |     1 ||     4
   Cast: Ensorcelled Hiber |    12 |    29 ||    41
    Use: Scroll            |     1 |       ||     1
         Potion            |       |     1 ||     1
   Stab: Sleeping          |    13 |    22 ||    35
         Invisible         |       |     1 ||     1
 Armour: Robe              |    65 |    39 ||   104
  Dodge: Dodged            |    81 |    73 ||   154
